 Dungeon Crawl Stone Soup version 0.21.1-1-g345015fe64 (webtiles) character file.

206 Ivernyr the Shooter (level 5, -1/44 HPs)
             Began as a Centaur Arcane Marksman on Mar 25, 2018.
             Slain by Paulina's ghost (9 damage)
             ... on level 3 of the Dungeon.
             The game lasted 00:14:03 (4209 turns).

Ivernyr the Shooter (Centaur Arcane Marksman)       Turns: 4209, Time: 00:14:04

Health: -1/44      AC:  4    Str: 13    XL:     5   Next: 53%
Magic:  6/6        EV:  9    Int: 12    God:
Gold:   148        SH:  0    Dex: 10    Spells: 2/6 levels left

rFire    + . .     SeeInvis .   a - +0 shortbow
rCold    + . .     Gourm    .   (shield currently unavailable)
rNeg     . . .     Faith    .   e - +0 robe
rPois    .         Spirit   .   (no helmet)
rElec    .         Reflect  .   q - scarf {rC+ rF+}
rCorr    .         Harm     .   (no gloves)
MR       .....                  (no barding)
Stlth    ..........             n - amulet of rage
HPRegen  0.14/turn              (no ring)
MPRegen  0.10/turn              (no ring)

@: confused, glowing, very quick
A: large, hooves 3, deformed body, speed 2, tough skin 3
a: Evoke Berserk Rage


You were on level 3 of the Dungeon.
You were not hungry.

You visited 1 branch of the dungeon, and saw 3 of its levels.

You collected 148 gold pieces.

Inventory:

Hand Weapons
 a - a +0 shortbow (weapon)
Missiles
 d - 46 arrows (quivered)
Armour
 e - a +0 robe (worn)
 q - a scarf of resistance (worn)
Jewellery
 n - an amulet of rage (around neck)
Wands
 s - a wand of random effects (14)
Scrolls
 b - 3 scrolls of identify {unknown}
 g - a scroll of immolation {unknown}
 h - a scroll of fog {unknown}
 i - a scroll of enchant weapon {unknown}
 j - 4 scrolls of remove curse {unknown}
 o - a scroll of magic mapping {unknown}
 p - 2 scrolls of enchant armour {unknown}
Potions
 k - 3 potions of curing {unknown}
 l - a potion of magic {unknown}
 m - a potion of heal wounds {unknown}
 r - a potion of resistance {unknown}
Books
 c - a book of Debilitation

   Spells                             Type                      Level
   a - Corona                         Hexes                        1
   b - Slow                           Hexes                        2
   c - Inner Flame                    Hexes/Fire                   3
   d - Portal Projectile              Hexes/Translocation          3
   e - Cause Fear                     Hexes                        4
   f - Leda's Liquefaction            Hexes/Earth                  4
Comestibles
 f - 11 rations


   Skills:
 + Level 2.8 Fighting
 * Level 5.7 Bows
 - Level 1.3 Dodging
 - Level 1.0 Spellcasting
 + Level 3.6 Hexes


You had 2 spell levels left.
You knew the following spells:

 Your Spells              Type           Power        Failure   Level  Hunger
a - Corona                Hex            #......      7%          1    ##.....
b - Portal Projectile     Hex/Tloc       #.....       38%         3    ####...


Dungeon Overview and Level Annotations

Branches:
Dungeon (3/15)

Altars:
Qazlal
Yredelemnul

Annotations:
D:3 Paulina's ghost, amateur FoEn


Innate Abilities, Weirdness & Mutations

You have hooves in place of feet.
Armour fits poorly on your strangely shaped body.
You cover ground very quickly.
You have extremely tough skin. (AC +3)


Message History

You see here a giant cockroach corpse.
You're too confused to move!
You bump into the rock wall.
Paulina's ghost hits you.
You bump into the rock wall.
Paulina's ghost hits you.
You bump into the rock wall.
Paulina's ghost hits you.
You clumsily bash Paulina's ghost but do no damage.
Paulina's ghost is heavily damaged.
Paulina's ghost casts a spell at you.
You are more confused.
Paulina's ghost wails.
Paulina's ghost hits you but does no damage.
You bump into the rock wall.
Paulina's ghost hits you!
You bump into the rock wall.
Paulina's ghost hits you.
* * * LOW HITPOINT WARNING * * *
You bump into the rock wall.
Paulina's ghost closely misses you.
You bump into the rock wall.
Paulina's ghost hits you.
* * * LOW HITPOINT WARNING * * *
You bump into the rock wall.
Paulina's ghost barely misses you.
You bump into the rock wall.
Paulina's ghost hits you!
You die...

..#...........#...........
######......#........... #..
#......#...........
#..#######################.
.W#....(†.#.......#.......
..#.#####.#.#####.#.######
##.#.#.(.#.#.#...#.#.#...#
###..#..(#.#W#...#.#.#...#.#
#....#####.#@#####.#.#####.#
#.....(((W.#.......#.......#
#....#######################
#...># #....# #....# #....#
#....# #....#


You could see Paulina's ghost.

Vanquished Creatures
  An ogre (D:2)
  5 adders
  An ooze (D:1)
  An adder skeleton (D:3)
  2 worms
  2 dart slugs (D:2)
  A leopard gecko (D:1)
  A ball python (D:2)
  2 giant cockroaches
  8 hobgoblins
  3 jackals (D:2)
  6 kobolds
  2 quokkas
  8 bats
  3 frilled lizards
  9 goblins
  7 rats
62 creatures vanquished.

Notes
Turn   | Place    | Note
-------+----------+-------------------------------------------
     0 | D:1      | Ivernyr the Centaur Arcane Marksman began the quest for the Orb.
     0 | D:1      | Reached XP level 1. HP: 16/16 MP: 2/2
    62 | D:1      | Reached skill level 3 in Bows
   528 | D:1      | Reached XP level 2. HP: 23/23 MP: 1/3
  1314 | D:2      | Reached XP level 3. HP: 18/29 MP: 2/4
  1499 | D:2      | Noticed an ogre
  1646 | D:2      | Reached skill level 4 in Bows
  2046 | D:2      | Killed an ogre
  2046 | D:2      | Reached skill level 5 in Bows
  2046 | D:2      | Reached XP level 4. HP: 37/37 MP: 5/5
  2116 | D:2      | Reached XP level 5. HP: 33/42 MP: 4/6
  3291 | D:3      | Found a basalt altar of Yredelemnul.
  3460 | D:3      | Learned a level 3 spell: Portal Projectile
  3905 | D:3      | Found a stormy altar of Qazlal.
  4157 | D:3      | Noticed Paulina's ghost (amateur FoEn)
  4209 | D:3      | Slain by Paulina's ghost

Skill      XL: |  1  2  3 |
---------------+----------+-----
Bows           | 3 5 |  5.7
Hexes          | 3 |  3.6
Fighting       | 2 |  2.8
Dodging        | |  1.3
Spellcasting   | |  1.0

Action                   |  1- 3 |  4- 6 || total
-------------------------+-------+-------++-------
Melee: Unarmed           |   129 |   175 ||   304
       Kick              |    28 |    41 ||    69
       Shortbow          |       |     1 ||     1
 Fire: Shortbow          |    10 |     8 ||    18
 Cast: Corona            |    22 |    21 ||    43
  Eat: Chunk             |     2 |     9 ||    11
Armor: Robe              |    54 |    43 ||    97
Dodge: Dodged            |    73 |    64 ||   137
